[Event "45th FIDE Olympiad 2024"]
[Site "Budapest"]
[Date "2024.09.13"]
[Round "3.92"]
[White "Pillay, Harish"]
[Black "Smith, Michael"]
[Result "1/2-1/2"]
[ECO "C80"]
[WhiteElo "1561"]
[BlackElo "1718"]
[Annotator "NA"]
[PlyCount "84"]
[EventDate "2024.09.05"]
[EventType "team-tourn"]
[EventCountry "HUN"]
[SourceTitle "playchess.com"]
[Source "ChessBase"]
[SourceQuality "1"]
[WhiteTeam "Seychelles"]
[BlackTeam "US Virgin Islands"]
[WhiteTeamCountry "SEY"]
[TimeControl "40/5400+30:1800+30"]

1. e4 e5 2. Nf3 Nc6 3. Bb5 a6 4. Ba4 Nf6 5. O-O Nxe4 6. d4 exd4 7. Re1 f5 8. Bxc6 dxc6 9. Bg5 Be7 10. Bxe7 Qxe7 11. Nxd4 O-O 12. f3 Qb4 13. Nb3 Nf6 14. Nc3 b6 15. Qd3 Qd6 16. Qc4+ Nd5 17. Rad1 Bb7 18. Qd3 Rad8 19. Nd4 Bc8 20. Qc4 Bd7 21. Qxa6 Nxc3 22. bxc3 b5 23. Ne6 Qxd1 24. Rxd1 Bxe6 25. Rxd8 Rxd8 26. Qxc6 Bxa2 27. Qxb5 g6 28. Qe2 Kf7 29. Kf2 Re8 30. Qd2 Bc4 31. Qd7+ Re7 32. Qa4 Bd5 33. Qd4 Ke6 34. c4 Bc6 35. g4 Rd7 36. gxf5+ gxf5 37. Qe3+ Kd6 38. f4 Be4 39. Qa3+ Ke6 40. Qc3 c6 41. Kg3 Kf7 42. Qh8 Ke6 1/2-1/2

[Event "45th FIDE Olympiad 2024"]
[Site "Budapest"]
[Date "2024.09.13"]
[Round "3.93"]
[White "Gascon Del Nogal, Jose Rafael"]
[Black "Neiksans, Arturs"]
[Result "1-0"]
[ECO "A46"]
[WhiteElo "2454"]
[BlackElo "2571"]
[Annotator "RC"]
[PlyCount "61"]
[EventDate "2024.09.05"]
[EventType "team-tourn"]
[EventCountry "HUN"]
[SourceTitle "playchess.com"]
[Source "ChessBase"]
[SourceQuality "1"]
[WhiteTeam "Venezuela"]
[BlackTeam "Latvia"]
[WhiteTeamCountry "VEN"]
[BlackTeamCountry "LAT"]
[TimeControl "40/5400+30:1800+30"]

1. d4 Nf6 2. Nf3 e6 3. Bg5 h6 4. Bh4 d6 5. Nbd2 g5 6. Bg3 Nh5 7. e4 Bg7 8. c3 Qe7 9. Nc4 f5 10. e5 d5 11. Ncd2 c5 12. dxc5 Nc6 13. Nd4 Nxg3 14. hxg3 Bxe5 15. Bb5 Bd7 16. Qh5+ Qf7 17. Qe2 Qf6 18. Bxc6 bxc6 19. O-O-O Bc7 20. Qa6 Rc8 21. Rde1 Kf7 22. Nxc6 Bxg3 23. fxg3 Rxc6 24. Qxa7 Qd8 25. Nf3 Rc7 26. Qb6 Bc8 27. Ne5+ Kf6 28. c6 Kg7 29. Qd4 Qf6 30. a4 f4 31. g4 1-0

[Event "45th FIDE Olympiad 2024"]
[Site "Budapest"]
[Date "2024.09.13"]
[Round "3.93"]
[White "Gontcharov, Serguei"]
[Black "Potter, Simon"]
[Result "1-0"]
[ECO "C45"]
[WhiteElo "1927"]
[BlackElo "1663"]
[Annotator "NA RC"]
[PlyCount "61"]
[EventDate "2024.09.05"]
[EventType "team-tourn"]
[EventCountry "HUN"]
[SourceTitle "playchess.com"]
[Source "ChessBase"]
[SourceQuality "1"]
[WhiteTeam "Bermuda"]
[BlackTeam "British Virgin Islands"]
[WhiteTeamCountry "BER"]
[BlackTeamCountry "IVB"]
[TimeControl "40/5400+30:1800+30"]

1. e4 e5 2. Nf3 Nc6 3. d4 exd4 4. Nxd4 Nxd4 5. Qxd4 c5 6. Qd1 Nf6 7. Nc3 Be7 8. Bc4 d6 9. O-O O-O 10. Re1 Ng4 11. Bf4 Re8 12. Nd5 Bg5 13. Bxg5 Qxg5 14. Nc7 Qf4 15. Qf3 Qxh2+ 16. Kf1 Ne5 17. Bxf7+ Kh8 18. Qh5 Qxh5 19. Bxh5 Rf8 20. Nxa8 Rf6 21. Nc7 Nc4 22. b3 Na3 23. Bd1 Bd7 24. Nd5 Rh6 25. Kg1 Rg6 26. c4 Bh3 27. Nf4 Bg4 28. Nxg6+ hxg6 29. Bxg4 Nc2 30. Rad1 Nxe1 31. Rxe1 1-0

[Event "45th FIDE Olympiad 2024"]
[Site "Budapest"]
[Date "2024.09.13"]
[Round "3.94"]
[White "Meshkovs, Nikita"]
[Black "Ynojosa Aponte, Felix Jose"]
[Result "1-0"]
[ECO "A30"]
[WhiteElo "2534"]
[BlackElo "2398"]
[Annotator "RC"]
[PlyCount "67"]
[EventDate "2024.09.05"]
[EventType "team-tourn"]
[EventCountry "HUN"]
[SourceTitle "playchess.com"]
[Source "ChessBase"]
[SourceQuality "1"]
[WhiteTeam "Latvia"]
[BlackTeam "Venezuela"]
[WhiteTeamCountry "LAT"]
[BlackTeamCountry "VEN"]
[TimeControl "40/5400+30:1800+30"]

1. d4 Nf6 2. Nf3 e6 3. c4 b6 4. g3 Bb7 5. Bg2 c5 6. Nc3 cxd4 7. Qxd4 Be7 8. O-O d6 9. Bg5 Nbd7 10. Qd2 a6 11. Rfd1 Rc8 12. Bf4 e5 13. Be3 Qc7 14. Rac1 O-O 15. Nh4 Bxg2 16. Nf5 Rce8 17. Kxg2 Qxc4 18. Nxe7+ Rxe7 19. Nd5 Qxd5+ 20. Qxd5 Nxd5 21. Rxd5 Re6 22. Rc6 Rb8 23. Rdxd6 Rg6 24. b4 Kf8 25. Rxg6 hxg6 26. a4 Ke8 27. h4 Kd8 28. Kf3 Rc8 29. Rxc8+ Kxc8 30. Ke4 Kc7 31. Kd5 a5 32. b5 e4 33. Bd4 f6 34. g4 1-0

[Event "45th FIDE Olympiad 2024"]
[Site "Budapest"]
[Date "2024.09.13"]
[Round "3.94"]
[White "Samuel, Jhon"]
[Black "Dacres, Don"]
[Result "1-0"]
[ECO "A03"]
[WhiteElo "1545"]
[BlackElo "1863"]
[Annotator "NA RC"]
[PlyCount "81"]
[EventDate "2024.09.05"]
[EventType "team-tourn"]
[EventCountry "HUN"]
[SourceTitle "playchess.com"]
[Source "ChessBase"]
[SourceQuality "1"]
[WhiteTeam "British Virgin Islands"]
[BlackTeam "Bermuda"]
[WhiteTeamCountry "IVB"]
[BlackTeamCountry "BER"]
[TimeControl "40/5400+30:1800+30"]

1. f4 d5 2. Nf3 Nf6 3. e3 Bg4 4. Be2 Nbd7 5. b3 Ne4 6. d3 Bxf3 7. Bxf3 Nef6 8. Bb2 e6 9. O-O Be7 10. Nd2 c5 11. c4 O-O 12. Qe2 Qc7 13. d4 Rfe8 14. Rac1 Qb6 15. Qf2 Rac8 16. e4 cxd4 17. Bxd4 Bc5 18. Bxc5 Qxc5 19. e5 Qxf2+ 20. Kxf2 Ne4+ 21. Nxe4 dxe4 22. Bxe4 Nc5 23. Ke3 Rcd8 24. Rfd1 Nxe4 25. Kxe4 Kf8 26. Rd6 Rxd6 27. exd6 Rd8 28. c5 Ke8 29. f5 Kd7 30. fxe6+ Kxe6 31. Kd4 Kd7 32. Re1 Re8 33. Rxe8 Kxe8 34. Kd5 Kd7 35. b4 h5 36. b5 b6 37. c6+ Kd8 38. Ke5 Kc8 39. Kf5 Kd8 40. Kg5 f6+ 41. Kxh5 1-0

[Event "45th FIDE Olympiad 2024"]
[Site "Budapest"]
[Date "2024.09.13"]
[Round "3.95"]
[White "Escalona Landi, Samid Eduardo"]
[Black "Kantans, Toms"]
[Result "0-1"]
[ECO "B90"]
[WhiteElo "2305"]
[BlackElo "2486"]
[Annotator "RC"]
[PlyCount "78"]
[EventDate "2024.09.05"]
[EventType "team-tourn"]
[EventCountry "HUN"]
[SourceTitle "playchess.com"]
[Source "ChessBase"]
[SourceQuality "1"]
[WhiteTeam "Venezuela"]
[BlackTeam "Latvia"]
[WhiteTeamCountry "VEN"]
[BlackTeamCountry "LAT"]
[TimeControl "40/5400+30:1800+30"]

1. e4 c5 2. Nf3 d6 3. d4 cxd4 4. Nxd4 Nf6 5. Nc3 a6 6. Be3 e5 7. Nb3 Be7 8. f3 h5 9. Qd2 Be6 10. Be2 Nbd7 11. Nd5 Bxd5 12. exd5 O-O 13. O-O Rc8 14. Na5 Rc7 15. c4 Nh7 16. b4 Bg5 17. f4 exf4 18. Bxf4 Ne5 19. Rac1 b6 20. Nc6 Nxc6 21. dxc6 Rxc6 22. Bxh5 b5 23. c5 dxc5 24. Qxd8 Bxd8 25. bxc5 Be7 26. Be3 Bg5 27. Bxg5 Nxg5 28. Rf5 Ne6 29. Bf3 Rc7 30. Kf2 Rd8 31. Ke1 g6 32. Re5 Kg7 33. c6 Nf4 34. Be2 Nxg2+ 35. Kf2 Nf4 36. Bf1 Kf6 37. Re3 Rd2+ 38. Kf3 Nd5 39. Ra3 Nb4 0-1

[Event "45th FIDE Olympiad 2024"]
[Site "Budapest"]
[Date "2024.09.13"]
[Round "3.96"]
[White "Miezis, Normunds"]
[Black "Castro Torres, Jose Luis"]
[Result "1-0"]
[ECO "A13"]
[WhiteElo "2417"]
[BlackElo "2299"]
[Annotator "RC"]
[PlyCount "199"]
[EventDate "2024.09.05"]
[EventType "team-tourn"]
[EventCountry "HUN"]
[SourceTitle "playchess.com"]
[Source "ChessBase"]
[SourceQuality "1"]
[WhiteTeam "Latvia"]
[BlackTeam "Venezuela"]
[WhiteTeamCountry "LAT"]
[BlackTeamCountry "VEN"]
[TimeControl "40/5400+30:1800+30"]

1. c4 e6 2. Nf3 Nf6 3. e3 d5 4. Nc3 Be7 5. b3 O-O 6. Bb2 b6 7. cxd5 Nxd5 8. Qc2 Bb7 9. h4 Nxc3 10. dxc3 Bxf3 11. gxf3 Bf6 12. Bd3 h6 13. O-O-O Qe7 14. Be4 c6 15. Qe2 Rc8 16. h5 Nd7 17. Bc2 Nf8 18. f4 a5 19. Kb1 a4 20. Rhg1 axb3 21. Bxb3 b5 22. e4 e5 23. fxe5 Bxe5 24. f4 Bxf4 25. Rdf1 Be5 26. Rxf7 Qxf7 27. Bxf7+ Kxf7 28. c4 Bxb2 29. Qxb2 Ne6 30. Rg6 Rf8 31. Qe5 Rae8 32. cxb5 cxb5 33. Kb2 Re7 34. Qxb5 Kg8 35. Qd5 Rfe8 36. Rg3 Kh8 37. e5 Rd8 38. Qa5 Rde8 39. Re3 Rb8+ 40. Rb3 Rbe8 41. Rb4 Ng5 42. Rb5 Nf3 43. a4 Nxe5 44. Qc3 Nd7 45. Qd4 Re2+ 46. Ka3 Ne5 47. Rb3 Rd2 48. Qc3 Rd5 49. Qc7 Rdd8 50. Rc3 Rd7 51. Qc5 Rd1 52. Qb5 Rdd8 53. a5 Rb8 54. Qd5 Rbd8 55. Qb7 Rd7 56. Qb5 Rdd8 57. a6 Rb8 58. Qd5 Ra8 59. Qd6 Nf7 60. Qb6 Reb8 61. Qe6 Ne5 62. Rc7 Re8 63. Qb6 Reb8 64. Qd6 Rd8 65. Qxe5 Rxa6+ 66. Kb4 Rg8 67. Rf7 Raa8 68. Re7 Ra6 69. Rf7 Raa8 70. Kb5 Rgb8+ 71. Kc6 Rc8+ 72. Kb7 Rg8 73. Re7 Raf8 74. Kc7 Rf6 75. Kd7 Rgf8 76. Qg3 R8f7 77. Qb8+ Kh7 78. Rxf7 Rxf7+ 79. Ke6 Rf1 80. Qb5 Rf3 81. Qb1+ Kh8 82. Qe4 Rf8 83. Ke7 Rf6 84. Qa8+ Kh7 85. Qd8 Rf3 86. Qa8 Rf4 87. Qg2 Rf6 88. Qb2 Kg8 89. Qb3+ Kh8 90. Qb8+ Kh7 91. Qe8 Rf2 92. Qc6 Re2+ 93. Kf7 Rf2+ 94. Ke7 Re2+ 95. Kd7 Rd2+ 96. Kc7 Rf2 97. Qe4+ Kh8 98. Qe8+ Kh7 99. Qg6+ Kh8 100. Qe8+ 1-0

[Event "45th FIDE Olympiad 2024"]
[Site "Budapest"]
[Date "2024.09.13"]
[Round "3.97"]
[White "Tin, Jingyao"]
[Black "Khusenkhojaev, Mustafokhuja"]
[Result "1-0"]
[ECO "C54"]
[WhiteElo "2580"]
[BlackElo "2283"]
[Annotator "RC"]
[PlyCount "71"]
[EventDate "2024.09.05"]
[EventType "team-tourn"]
[EventCountry "HUN"]
[SourceTitle "playchess.com"]
[Source "ChessBase"]
[SourceQuality "1"]
[WhiteTeam "Singapore"]
[BlackTeam "Tajikistan"]
[WhiteTeamCountry "SIN"]
[BlackTeamCountry "TJK"]
[TimeControl "40/5400+30:1800+30"]

1. e4 e5 2. Nf3 Nc6 3. Bc4 Bc5 4. d3 Nf6 5. O-O O-O 6. h3 h6 7. Nbd2 d6 8. c3 a5 9. Re1 Be6 10. Bb5 Qb8 11. Nh4 Ne7 12. Bc4 b5 13. Bxe6 fxe6 14. Nf1 a4 15. d4 exd4 16. cxd4 Bb6 17. Ng3 Qe8 18. Be3 Ng6 19. Nf3 Ba5 20. Bd2 Bb6 21. Rc1 e5 22. Be3 Ba5 23. Re2 Nd7 24. Rec2 Kh7 25. Nf5 Rf7 26. Ng5+ Kg8 27. Nxf7 Qxf7 28. Bxh6 Ne7 29. Nxe7+ Qxe7 30. Be3 Nf6 31. dxe5 Qxe5 32. Bd4 Qxe4 33. Bxf6 gxf6 34. Qh5 Qe5 35. Qg6+ Kh8 36. Rxc7 1-0

[Event "45th FIDE Olympiad 2024"]
[Site "Budapest"]
[Date "2024.09.13"]
[Round "3.98"]
[White "Karimov, Alisher"]
[Black "Siddharth, Jagadeesh"]
[Result "1-0"]
[ECO "A41"]
[WhiteElo "2240"]
[BlackElo "2514"]
[Annotator "RC"]
[PlyCount "135"]
[EventDate "2024.09.05"]
[EventType "team-tourn"]
[EventCountry "HUN"]
[SourceTitle "playchess.com"]
[Source "ChessBase"]
[SourceQuality "1"]
[WhiteTeam "Tajikistan"]
[BlackTeam "Singapore"]
[WhiteTeamCountry "TJK"]
[BlackTeamCountry "SIN"]
[TimeControl "40/5400+30:1800+30"]

1. d4 g6 2. c4 Bg7 3. Nf3 d6 4. Nc3 c5 5. dxc5 Bxc3+ 6. bxc3 dxc5 7. Qxd8+ Kxd8 8. Ne5 Be6 9. g3 Nd7 10. Nxd7 Bxd7 11. Bg2 Bc6 12. Bxc6 bxc6 13. Be3 Nf6 14. Bxc5 Ne4 15. Be3 f6 16. O-O-O+ Kc7 17. Rd3 Rhd8 18. Rhd1 Rxd3 19. exd3 Nxc3 20. Re1 Nxa2+ 21. Kb2 Nb4 22. Kc3 a5 23. Bc5 e5 24. f4 Rd8 25. Re3 Na6 26. Be7 Rd7 27. Bxf6 exf4 28. Be5+ Kb7 29. Bxf4 c5 30. Re6 Nb4 31. Rd6 Kc8 32. d4 cxd4+ 33. Kxd4 Nc2+ 34. Kc3 Rxd6 35. Bxd6 Ne3 36. Bf4 Ng4 37. h4 Kd7 38. Kd4 Kc6 39. Bg5 a4 40. Kc3 Nf2 41. Kb4 Ne4 42. Bf4 h6 43. Bxh6 Nxg3 44. Kxa4 Kc5 45. Kb3 Nf5 46. Bg5 Nd4+ 47. Kc3 Nf5 48. Kd3 Kb4 49. Bd2+ Kc5 50. Be3+ Kd6 51. Bf2 Kc6 52. Ke4 Nd6+ 53. Kd4 Nf5+ 54. Kd3 Nd6 55. Kd4 Nf5+ 56. Ke4 Nd6+ 57. Ke5 Nxc4+ 58. Kf6 Kd7 59. Kxg6 Ne5+ 60. Kf5 Nf3 61. h5 Ke7 62. Kg6 Ne5+ 63. Kg7 Ng4 64. Bd4 Ke8 65. Kg6 Kf8 66. Kg5 Nh2 67. h6 Nf3+ 68. Kg6 1-0

[Event "45th FIDE Olympiad 2024"]
[Site "Budapest"]
[Date "2024.09.13"]
[Round "3.98"]
[White "Nicolas, Carbonell"]
[Black "Alsaqer, Meshal"]
[Result "0-1"]
[ECO "D37"]
[WhiteElo "1798"]
[BlackElo "1815"]
[Annotator "NA"]
[PlyCount "48"]
[EventDate "2024.09.05"]
[EventType "team-tourn"]
[EventCountry "HUN"]
[SourceTitle "playchess.com"]
[Source "ChessBase"]
[SourceQuality "1"]
[WhiteTeam "Burkina Faso"]
[BlackTeam "Kuwait"]
[WhiteTeamCountry "BUR"]
[BlackTeamCountry "KUW"]
[TimeControl "40/5400+30:1800+30"]

1. d4 d5 2. c4 e6 3. Nc3 Nf6 4. Nf3 Be7 5. Bf4 a6 6. Bg5 dxc4 7. a4 O-O 8. e4 c5 9. Bxc4 cxd4 10. Nxd4 Qa5 11. O-O Qxg5 12. f4 Qc5 13. e5 Qxc4 14. Rc1 Nd5 15. Ne4 Qb4 16. Rf3 Nc6 17. Rxc6 bxc6 18. h3 c5 19. Kh2 Qxd4 20. Qe1 Bb7 21. Rg3 Nxf4 22. Rxg7+ Kxg7 23. Qg3+ Ng6 24. Qxg6+ hxg6 0-1

[Event "45th FIDE Olympiad 2024"]
[Site "Budapest"]
[Date "2024.09.13"]
[Round "3.99"]
[White "Wong, Zhenyong Jayden"]
[Black "Ilkhomi, Jaloliddin"]
[Result "1-0"]
[ECO "E48"]
[WhiteElo "2397"]
[BlackElo "2227"]
[Annotator "RC"]
[PlyCount "65"]
[EventDate "2024.09.05"]
[EventType "team-tourn"]
[EventCountry "HUN"]
[SourceTitle "playchess.com"]
[Source "ChessBase"]
[SourceQuality "1"]
[WhiteTeam "Singapore"]
[BlackTeam "Tajikistan"]
[WhiteTeamCountry "SIN"]
[BlackTeamCountry "TJK"]
[TimeControl "40/5400+30:1800+30"]

1. d4 Nf6 2. c4 e6 3. Nc3 Bb4 4. e3 O-O 5. Bd3 Re8 6. Nge2 d5 7. O-O Nbd7 8. cxd5 exd5 9. Qb3 Bd6 10. Ng3 c6 11. Bd2 Nf8 12. Rae1 Ng4 13. Be2 Qh4 14. Bxg4 Qxg4 15. e4 dxe4 16. Ngxe4 Qd7 17. d5 Be5 18. f4 Bxc3 19. Nxc3 Rxe1 20. Rxe1 b6 21. Rf1 Ba6 22. Rf2 Bb7 23. f5 cxd5 24. f6 Ne6 25. Ne2 Qd6 26. fxg7 Qe5 27. Qf3 Qxg7 28. Ng3 Nd4 29. Qd3 Qg4 30. h3 Qd1+ 31. Kh2 Ne6 32. Nf5 Qh5 33. g4 1-0

[Event "45th FIDE Olympiad 2024"]
[Site "Budapest"]
[Date "2024.09.13"]
[Round "3.100"]
[White "Kabilov, Amin"]
[Black "Chia, Yu Zhe Ashton"]
[Result "1-0"]
[ECO "A92"]
[WhiteElo "2212"]
[BlackElo "2224"]
[Annotator "RC"]
[PlyCount "193"]
[EventDate "2024.09.05"]
[EventType "team-tourn"]
[EventCountry "HUN"]
[SourceTitle "playchess.com"]
[Source "ChessBase"]
[SourceQuality "1"]
[WhiteTeam "Tajikistan"]
[BlackTeam "Singapore"]
[WhiteTeamCountry "TJK"]
[BlackTeamCountry "SIN"]
[TimeControl "40/5400+30:1800+30"]

1. d4 e6 2. c4 f5 3. g3 Nf6 4. Bg2 Be7 5. Nf3 d5 6. O-O Ne4 7. b3 Nc6 8. Ba3 Bf6 9. e3 h5 10. Qc2 h4 11. Nc3 hxg3 12. fxg3 a5 13. Nb5 Bd7 14. cxd5 exd5 15. Ne5 Nxe5 16. Nxc7+ Kf7 17. dxe5 Rc8 18. Bxe4 Rxc7 19. Bxd5+ Kg6 20. Qb2 Bg5 21. Qf2 Rc3 22. Rae1 Qb6 23. e4 Qxf2+ 24. Rxf2 Be3 25. Rxe3 Rxe3 26. e6 Re1+ 27. Kg2 Bxe6 28. Bxe6 fxe4 29. Bf7+ Kh7 30. Bc4 Rd8 31. Bc5 e3 32. Re2 Rd2 33. Kf3 Rexe2 34. Bxe2 Rxa2 35. Bxe3 Rb2 36. Bd3+ Kh8 37. Bc4 Rxh2 38. Bb6 Ra2 39. Bb5 Kg8 40. Ke4 Kf7 41. b4 Ra3 42. bxa5 Rxg3 43. Bc4+ Ke7 44. Bd5 Kd6 45. Bxb7 Rb3 46. Ba8 Kd7 47. Bc5 Rb5 48. Bb6 g5 49. Kd4 Kc8 50. Bc6 Rb4+ 51. Kc5 Rb1 52. Bd5 Rd1 53. Be4 Re1 54. Bf5+ Kb8 55. Kc6 Rf1 56. Bg4 Rf6+ 57. Kb5 Rf4 58. Bd7 Rf7 59. Bh3 Rh7 60. Bg4 Rh4 61. Be6 Re4 62. Bb3 Re1 63. Ka6 g4 64. Bf2 Rb1 65. Bg3+ Kc8 66. Be6+ Kd8 67. Bxg4 Rg1 68. Bh4+ Kc7 69. Bf5 Kb8 70. Bf2 Rg5 71. Bd3 Rd5 72. Be4 Rd6+ 73. Kb5 Re6 74. Bd3 Re5+ 75. Bc5 Rd5 76. Bc4 Rd1 77. Ka6 Ka8 78. Be2 Rd6+ 79. Kb5 Rd2 80. Bf3+ Kb8 81. Kb6 Rd3 82. Bc6 Rb3+ 83. Ka6 Rd3 84. Bg1 Rh3 85. Bd4 Rb3 86. Be5+ Kc8 87. Ka7 Re3 88. Bf4 Re7+ 89. Ka8 Rf7 90. Bb8 Rf2 91. a6 Rb2 92. Bb7+ Kd8 93. Bg3 Rb3 94. Bf4 Rb4 95. Bd6 Rb6 96. Kb8 Rc6 97. Be7+ 1-0

[Event "45th FIDE Olympiad 2024"]
[Site "Budapest"]
[Date "2024.09.13"]
[Round "3.100"]
[White "Lompo, Boammani Aser"]
[Black "Alabdaljader, Mohammed"]
[Result "0-1"]
[ECO "D02"]
[WhiteElo "1568"]
[BlackElo "1677"]
[Annotator "NA"]
[PlyCount "39"]
[EventDate "2024.09.05"]
[EventType "team-tourn"]
[EventCountry "HUN"]
[SourceTitle "playchess.com"]
[Source "ChessBase"]
[SourceQuality "1"]
[WhiteTeam "Burkina Faso"]
[BlackTeam "Kuwait"]
[WhiteTeamCountry "BUR"]
[BlackTeamCountry "KUW"]
[TimeControl "40/5400+30:1800+30"]

1. d4 Nf6 2. Bf4 e6 3. e3 c5 4. c3 Nc6 5. Nd2 d5 6. Ngf3 Bd6 7. Bg3 O-O 8. Bd3 b6 9. Ne5 Ne7 10. h4 Nf5 11. Bf4 Bc7 12. g4 Nd6 13. h5 Nfe4 14. Qc2 f5 15. gxf5 exf5 16. f3 c4 17. Bxc4 dxc4 18. fxe4 fxe4 19. Nxe4 Bf5 20. Qd1 0-1

[Event "45th FIDE Olympiad 2024"]
[Site "Budapest"]
[Date "2024.09.13"]
[Round "3.101"]
[White "Araujo Sanchez, Josue"]
[Black "Stefansson, Vignir Vatnar"]
[Result "0-1"]
[ECO "D24"]
[WhiteElo "2296"]
[BlackElo "2531"]
[Annotator "RC"]
[PlyCount "158"]
[EventDate "2024.09.05"]
[EventType "team-tourn"]
[EventCountry "HUN"]
[SourceTitle "playchess.com"]
[Source "ChessBase"]
[SourceQuality "1"]
[WhiteTeam "Dominican Republic"]
[BlackTeam "Iceland"]
[WhiteTeamCountry "DOM"]
[BlackTeamCountry "ISL"]
[TimeControl "40/5400+30:1800+30"]

1. Nf3 d5 2. d4 Nf6 3. c4 e6 4. Nc3 dxc4 5. e3 a6 6. a4 b6 7. Bxc4 Bb7 8. O-O Bb4 9. Qe2 O-O 10. Rd1 Qe7 11. Na2 Bd6 12. Nc3 Nbd7 13. e4 e5 14. Bg5 h6 15. Bh4 c6 16. dxe5 Nxe5 17. Nd4 Nxc4 18. Qxc4 b5 19. Qd3 Be5 20. Nf5 Qc7 21. axb5 cxb5 22. Rac1 Qb6 23. Bg3 Rad8 24. Nd5 Qe6 25. Bxe5 Qxe5 26. f4 Qe6 27. Qg3 Nh5 28. Qg4 Bxd5 29. exd5 Qb6+ 30. Kh1 g6 31. Rc6 Qb7 32. Nxh6+ Kh8 33. f5 Rxd5 34. Rdc1 Rfd8 35. h3 Rd1+ 36. Rxd1 Rxd1+ 37. Qxd1 Qxc6 38. Nxf7+ Kg7 39. fxg6 Nf4 40. Qd4+ Qf6 41. Qd7 Nxg6 42. Nd6+ Kh8 43. Qc8+ Kh7 44. Qc7+ Kg8 45. Qc8+ Kh7 46. Qd7+ Kh8 47. Nf5 Ne5 48. Qe8+ Kh7 49. Qh5+ Kg8 50. Ne3 Qf4 51. Nd5 Qc1+ 52. Kh2 Qxb2 53. Qg5+ Kh8 54. Qf4 Kh7 55. Qf8 Qd4 56. Ne7 Qe4 57. Qg8+ Kh6 58. Qh8+ Kg5 59. Qg7+ Ng6 60. Nxg6 Qxg6 61. Qe5+ Qf5 62. Qg3+ Kf6 63. Qd6+ Qe6 64. Qf8+ Ke5 65. h4 Qf6 66. Qc5+ Ke4 67. Qb4+ Qd4 68. Qb1+ Kd5 69. Qa2+ Kc5 70. Qxa6 Qxh4+ 71. Kg1 Qe1+ 72. Kh2 Qh4+ 73. Kg1 Qd4+ 74. Kf1 b4 75. Qc8+ Kb5 76. Ke2 b3 77. Qe8+ Kb4 78. Qe7+ Kc3 79. Qa3 Kc2 0-1

[Event "45th FIDE Olympiad 2024"]
[Site "Budapest"]
[Date "2024.09.13"]
[Round "3.101"]
[White "Senglek, Khonsavanh"]
[Black "Prudente, Elmer"]
[Result "0-1"]
[ECO "B30"]
[WhiteElo "1591"]
[BlackElo "1949"]
[Annotator "NA RC"]
[PlyCount "154"]
[EventDate "2024.09.05"]
[EventType "team-tourn"]
[EventCountry "HUN"]
[SourceTitle "playchess.com"]
[Source "ChessBase"]
[SourceQuality "1"]
[WhiteTeam "Laos"]
[BlackTeam "Guam"]
[WhiteTeamCountry "LAO"]
[BlackTeamCountry "GMA"]
[TimeControl "40/5400+30:1800+30"]

1. e4 c5 2. a3 Nc6 3. Nf3 g6 4. Bc4 Bg7 5. Nc3 Nf6 6. d3 d6 7. Qe2 O-O 8. h4 Bg4 9. Be3 e6 10. Qd2 d5 11. Bxc5 dxc4 12. Bxf8 Bxf8 13. Nh2 cxd3 14. f3 h5 15. fxg4 hxg4 16. Qxd3 Qb6 17. O-O-O Rc8 18. Rdf1 Be7 19. Re1 Ne5 20. Qb5 Qc7 21. Qb3 Nc4 22. e5 Nxe5 23. Nf1 Nc4 24. Kb1 Nxa3+ 25. bxa3 Qxc3 26. Qxc3 Rxc3 27. Re3 Rxe3 28. Nxe3 Bxa3 29. Rd1 Bc5 30. Rd8+ Kg7 31. Nc4 b6 32. Ra8 a5 33. Rb8 Nd5 34. Rb7 Kf6 35. Nd2 Be3 36. Nf1 Bf2 37. Kc1 g3 38. Kd2 Nf4 39. Ne3 Bxe3+ 40. Kxe3 Nxg2+ 41. Kf3 Nxh4+ 42. Kxg3 Nf5+ 43. Kf2 Nd4 44. c4 Nc6 45. Rxb6 Ne5 46. Rb5 Nxc4 47. Rc5 Nb6 48. Rxa5 Nd5 49. Kf3 Kf5 50. Kg3 g5 51. Rc5 f6 52. Ra5 Kg6 53. Ra6 e5 54. Kg4 Ne3+ 55. Kf3 Nf5 56. Kg4 Nh6+ 57. Kg3 Kf5 58. Rb6 Nf7 59. Ra6 e4 60. Rb6 Ne5 61. Ra6 e3 62. Ra3 Ke4 63. Ra4+ Kd3 64. Ra3+ Kd4 65. Ra4+ Nc4 66. Kf3 Kd3 67. Ra8 Ne5+ 68. Kg2 g4 69. Rb8 f5 70. Rb3+ Kd4 71. Kf1 f4 72. Rb8 f3 73. Rd8+ Ke4 74. Re8 Kf4 75. Rd8 e2+ 76. Kf2 g3+ 77. Ke1 Ke3 0-1

[Event "45th FIDE Olympiad 2024"]
[Site "Budapest"]
[Date "2024.09.13"]
[Round "3.102"]
[White "Kjartansson, Gudmundur"]
[Black "Camacho Campusano, David Daniel"]
[Result "1-0"]
[ECO "C74"]
[WhiteElo "2478"]
[BlackElo "2219"]
[Annotator "RC"]
[PlyCount "117"]
[EventDate "2024.09.05"]
[EventType "team-tourn"]
[EventCountry "HUN"]
[SourceTitle "playchess.com"]
[Source "ChessBase"]
[SourceQuality "1"]
[WhiteTeam "Iceland"]
[BlackTeam "Dominican Republic"]
[WhiteTeamCountry "ISL"]
[BlackTeamCountry "DOM"]
[TimeControl "40/5400+30:1800+30"]

1. e4 e5 2. Nf3 Nc6 3. Bb5 a6 4. Ba4 d6 5. c3 f5 6. d4 Nf6 7. dxe5 Nxe4 8. O-O b5 9. Bb3 Nxe5 10. Nxe5 dxe5 11. Bf7+ Ke7 12. Bd5 c6 13. Bxc6 Qxd1 14. Rxd1 Ra7 15. Bxe4 fxe4 16. Re1 Bf5 17. Nd2 Rd7 18. Kf1 Ke6 19. Nxe4 b4 20. a3 bxa3 21. b4 a5 22. Bxa3 axb4 23. Bxb4 Bxb4 24. cxb4 Bxe4 25. Rxe4 Kf5 26. f3 Rc8 27. Ra2 Rd1+ 28. Kf2 Rb1 29. g4+ Kf6 30. Ra6+ Kf7 31. Rxe5 Rc7 32. Rb6 h6 33. h4 Rc2+ 34. Kg3 g6 35. g5 Rg1+ 36. Kf4 Rc4+ 37. Re4 hxg5+ 38. hxg5 Rc7 39. b5 Rb1 40. Rf6+ Kg7 41. b6 Rc5 42. Re7+ Kg8 43. Rxg6+ Kf8 44. Rc7 Rb4+ 45. Kg3 Rxb6 46. Rxc5 Rxg6 47. Kg4 Ra6 48. Rc8+ Kg7 49. Rc7+ Kg6 50. f4 Ra4 51. Rc6+ Kg7 52. Re6 Kf7 53. Rb6 Rc4 54. g6+ Kg7 55. Kg5 Rc5+ 56. f5 Ra5 57. Rb7+ Kg8 58. Kh6 Ra8 59. f6 1-0

[Event "45th FIDE Olympiad 2024"]
[Site "Budapest"]
[Date "2024.09.13"]
[Round "3.103"]
[White "Jimenez Jimenez, Leandro"]
[Black "Heimisson, Hilmir Freyr"]
[Result "0-1"]
[ECO "E01"]
[WhiteElo "2188"]
[BlackElo "2391"]
[Annotator "RC"]
[PlyCount "84"]
[EventDate "2024.09.05"]
[EventType "team-tourn"]
[EventCountry "HUN"]
[SourceTitle "playchess.com"]
[Source "ChessBase"]
[SourceQuality "1"]
[WhiteTeam "Dominican Republic"]
[BlackTeam "Iceland"]
[WhiteTeamCountry "DOM"]
[BlackTeamCountry "ISL"]
[TimeControl "40/5400+30:1800+30"]

1. d4 e6 2. c4 Nf6 3. g3 c5 4. Nf3 cxd4 5. Nxd4 d5 6. Bg2 e5 7. Nf3 d4 8. O-O Nc6 9. e3 Be7 10. exd4 exd4 11. b3 Bg4 12. h3 Bh5 13. Bb2 Qb6 14. g4 Bg6 15. Bxd4 Nxd4 16. Qxd4 Qxd4 17. Nxd4 O-O-O 18. Nf5 Bxf5 19. gxf5 Rd3 20. Rc1 Bc5 21. a4 Rhd8 22. Bf1 Rxb3 23. Ra2 Ne4 24. Bg2 Nxf2 25. Kh2 Bd6+ 26. Kg1 Nd3 27. Rf1 Nf4 28. Nd2 Re3 29. Ne4 Bc7 30. Bf3 Nxh3+ 31. Kh1 Rd4 32. Nc5 b6 33. Ne4 Rdxe4 34. Bxe4 Rxe4 35. Rg2 Be5 36. Rc2 Ng5 37. Kg2 Rg4+ 38. Kf2 h5 39. Re2 f6 40. a5 bxa5 41. Rc1 h4 42. c5 h3 0-1